 Dungeon Sprint DCSS version 0.29-a0-113-g078de9bc30 (webtiles) character file.

Game seed: 10634721979963368775

1100000 cyrus the Warrior (level 13, 0/159 HPs)
             Began as a Troll Fighter on Feb 19, 2022.
             Slain by a meat berserker (70 damage)
             ... in the Dungeon (Sprint VIII: "Arena of Blood").
             The game lasted 00:01:19 (11 turns).

cyrus the Warrior (Troll Fighter)                     Turns: 11, Time: 00:01:21

Health: 0/159      AC:  4    Str: 27    XL:     13   Next: 77%
Magic:  12/12      EV: 15    Int:  8    God:
Gold:   0          SH:  0    Dex:  9    Spells: 12/12 levels left

rFire   . . .      SeeInvis .   k - +∞ Axe of Woe
rCold   . . .      Faith    .   (shield currently unavailable)
rNeg    . . .      Spirit   .   b - +0 robe
rPois   .          Reflect  .   (helmet restricted)
rElec   .          Harm     .   (no cloak)
rCorr   .          Rampage  .   (gloves unavailable)
Will    .....      NoTele   +   (boots unavailable)
Stlth   +.........              (no amulet)
HPRegen 1.16/turn               (no ring)
MPRegen 0.13/turn               (no ring)

@: no status effects
A: large, unfitting armour, claws 3, regeneration 1, shaggy fur 1, tough skin 1
a: no special abilities


You were in the Dungeon.
You visited 1 branch

Inventory:

Hand Weapons
 a - a +0 flail
 k - the +∞ Axe of Woe (weapon)
   (You found it in the Dungeon)
Armour
 b - a +0 robe (worn)
 c - a +0 kite shield
Scrolls
 j - a scroll of blinking
Potions
 d - a potion of might
 e - a potion of curing
 g - a potion of haste
 h - 2 potions of magic
 i - a potion of berserk rage


   Skills:
 + Level 18.3 Fighting
 + Level 6.1(8.4) Axes
 + Level 9.9(10.8) Maces & Flails
 + Level 17.9 Dodging
 + Level 17.5 Shields


You had 12 spell levels left.
You didn't know any spells.
Your spell library was empty.

Dungeon Overview and Level Annotations

Branches:
Dungeon (1/1)

Altars:
Makhleb


Innate Abilities, Weirdness & Mutations

You are too large for most types of armour.
You have claws for hands.
Your natural rate of healing is unusually fast.
You are covered in fur. (AC +1)
You have tough skin. (AC +1)


Message History

Increase (S)trength, (I)ntelligence, or (D)exterity?
You feel clever. x2; You feel stronger.
You have reached level 10!
You have reached level 11!
You hit the meat berserker.
You pulverise the meat berserker into a thin bloody mist.
You kill the meat berserker!
You slice the bag of meat!!
You pulverise the bag of meat into a thin bloody mist.
You kill the bag of meat!
You hear a shout! x3
A meat berserker comes into view. It is wielding a +9 battleaxe.
You hear a shout! x11
The bag of meat hits you with a +9 war axe!!!
You hear a shout!
Your Fighting skill gained 3 levels and is now at level 17!
Your base Axes skill gained 2 levels and is now at level 5!
Your base Maces & Flails skill gained 2 levels and is now at level 9!
Your Dodging skill gained 3 levels and is now at level 17!
Your Shields skill gained 2 levels and is now at level 16!
You have reached level 12!
You feel stronger.
You have reached level 13!
Unknown command.
You hit the bag of meat.
You fatally mangle the bag of meat.
You kill the bag of meat!
You hear a shout! x3
The meat berserker hits you with a +9 battleaxe!!!
* * * LOW HITPOINT WARNING * * *
You hear a shout! x7
Your Fighting skill increases to level 18!
Your base Axes skill increases to level 6!
Your Shields skill increases to level 17!
Unknown command.
You feel much better.
The bag of meat appears out of thin air!
A bag of meat comes into view. It is wielding a +9 war axe.
The bag of meat shouts!
The meat berserker hits you with a +9 battleaxe!!!
You die...

.. .. .. .. #.
.# #.. ..#
.###.. ..###.
......###......
......._.......
#.o@O.# #_)<._#
#.....#
....._.....
.o....###...o..
.###.. ..###.
#.. ..# #.. ..#
.. ..


You could see a meat berserker (berserk) and 2 bags of meat.

Vanquished Creatures
  2 ogres (D)
  2 orcs (D)
4 creatures vanquished.

Notes
Turn   | Place    | Note
-------+----------+-------------------------------------------
     0 | D        | Found the +∞ Axe of Woe
     0 | D        | cyrus the Troll Fighter began the quest for the Orb.
     0 | D        | Reached XP level 1. HP: 22/22 MP: 0/0
     1 | D        | Noticed a bag of meat
     3 | D        | Noticed a bag of meat
     4 | D        | Noticed a meat berserker
     5 | D        | Noticed a bag of meat
     7 | D        | Noticed a meat berserker
     8 | D        | Killed a meat berserker
     9 | D        | Reached skill level 14 in Fighting
     9 | D        | Reached XP level 2. HP: 55/55 MP: 1/1
     9 | D        | Reached XP level 3. HP: 63/63 MP: 2/2
     9 | D        | Reached XP level 4. HP: 72/72 MP: 3/3
     9 | D        | Reached XP level 5. HP: 80/80 MP: 4/4
     9 | D        | Reached XP level 6. HP: 89/89 MP: 5/5
     9 | D        | Reached XP level 7. HP: 97/97 MP: 6/6
     9 | D        | Reached XP level 8. HP: 106/106 MP: 7/7
     9 | D        | Reached XP level 9. HP: 114/114 MP: 8/8
     9 | D        | Reached XP level 10. HP: 123/123 MP: 9/9
     9 | D        | Reached XP level 11. HP: 131/131 MP: 10/10
     9 | D        | Killed a meat berserker
     9 | D        | Killed a bag of meat
     9 | D        | Noticed a meat berserker
    10 | D        | Reached skill level 17 in Fighting
    10 | D        | Reached skill level 5 in Axes
    10 | D        | Reached XP level 12. HP: 101/149 MP: 11/11
    10 | D        | Reached XP level 13. HP: 107/157 MP: 12/12
    10 | D        | Killed a bag of meat
    11 | D        | Reached skill level 18 in Fighting
    11 | D        | Noticed a bag of meat
    11 | D        | Slain by a meat berserker

Illustrated notes

Levels and vault maps discovered:
D:        meatsprint

Skill      XL: |  1  2  3  4  5  6  7  8  9 10 11 12 13 |
---------------+----------------------------------------+-----
Fighting       | 14 17 18 | 18.3
Axes           | 3 5 6 |  6.1
Maces & Flails | 7 9 |  9.9
Dodging        | 14 17 | 17.9
Shields        | 14 16 17 | 17.5

Action                   |  1- 3 |  4- 6 |  7- 9 | 10-12 | 13-15 || total
-------------------------+-------+-------+-------+-------+-------++-------
Melee: Executioner's axe |     1 |       |       |     1 |     1 ||     3
  Use: Potion            |       |       |       |       |     1 ||     1

Table legend: (Time is in decaauts)
 A = Elapsed time spent in this place.
 B = Non-inter-level travel time spent in this place.
 C = Inter-level travel time spent in this place.
 D = Time resting spent in this place.
 E = Time spent auto-exploring this place.
 F = Levels seen in this place.
 G = Mean time per level.
                   A        B        C        D        E       F      G
               +--------+--------+--------+--------+--------+-----+--------+
         Total |     12 |     12 |      0 |      0 |      0 |   1 |   12.0 |
       Dungeon |     12 |     12 |      0 |      0 |      0 |   1 |   12.0 |
               +--------+--------+--------+--------+--------+-----+--------+

Top non-repeatable levels by time:
       D: 12 daAuts
